 Dungeon Crawl Stone Soup version 0.29.1-15-g9cfb28693d (webtiles) character file.

Game seed: 18044289151948522268

1124 hawla the Caller (level 8, -3/62 HPs)
             Began as a Meteoran Summoner on Apr 5, 2023.
             Was an Initiate of Gozag.
             Slain by an orc priest
             ... wielding a +0 short sword
              (5 damage)
             ... on level 6 of the Dungeon on Apr 6, 2023.
             The game lasted 00:19:05 (3264 turns).

hawla the Caller (Meteoran Summoner)                Turns: 3264, Time: 00:19:06

Health: -3/62      AC:  2    Str: 11    XL:     8   Next: 93%
Magic:  12/19      EV: 14    Int: 18    God:    Gozag
Gold:   125        SH:  0    Dex: 14    Spells: 14/20 levels left

rFire   . . .      SeeInvis .   m - +0 quarterstaff
rCold   . . .      Faith    .   (shield currently unavailable)
rNeg    . . .      Spirit   .   a - +0 robe
rPois   .          Reflect  .   (no helmet)
rElec   .          Harm     .   (no cloak)
rCorr   .          Rampage  .   (no gloves)
Will    +....                   (no boots)
Stlth   +.........              (no amulet)
HPRegen 0.20/turn               (no ring)
MPRegen 0.16/turn               (no ring)

@: brilliant, gold aura, flying, hasted, glowing, very quick
A: sense surroundings 1, otherworldly, glowing, explore regen
a: Renounce Religion, Potion Petition, Call Merchant, Bribe Branch


You were on level 6 of the Dungeon.
You worshipped Gozag.
Gozag was aware of your devotion.
You visited 1 branch of the dungeon, and saw 6 of its levels.
You also visited: Ossuary.

You collected 245 gold pieces.
You spent 23 gold pieces at shops.
You paid 97 gold pieces to Gozag.

Inventory:

Hand Weapons
 m - a +0 quarterstaff (weapon)
Armour
 a - a +0 robe (worn)
Wands
 d - a wand of charming (14)
 g - a wand of light (8)
Scrolls
 c - 4 scrolls of teleportation
 e - a scroll of poison
 h - a scroll of identify
 l - a scroll of butterflies
Potions
 b - a potion of magic
 f - 2 potions of resistance
 i - a potion of flight
 j - 3 potions of brilliance
 n - a potion of heal wounds {unknown}
 o - a potion of invisibility {unknown}
 p - 3 potions of curing {unknown}
 q - a potion of attraction {unknown}


   Skills:
 + Level 2.9 Fighting
 + Level 4.4 Staves
 + Level 5.2 Dodging
 - Level 1.4 Stealth
 + Level 6.7 Spellcasting
 + Level 7.7 Summonings


You had 14 spell levels left.
You knew the following spells:

 Your Spells              Type           Power      Damage    Failure   Level
a - Summon Small Mammal   Summ           100%       N/A       1%          1
b - Call Imp              Summ           50%        N/A       1%          2
c - Call Canine Familiar  Summ           50%        N/A       1%          3

Your spell library contained the following spells:

 Spells                   Type           Power      Damage    Failure   Level
 Summon Guardian Golem    Hex/Summ       30%        N/A       7%          3
 Beastly Appendage        Tmut           18%        N/A       11%         1
 Slow                     Hex            36%        N/A       11%         1
 Sublimation of Blood     Necr           9%         N/A       17%         2
 Wereblood                Tmut           9%         N/A       17%         2
 Summon Lightning Spire   Summ/Air       30%        N/A       22%         4
 Confusing Touch          Hex            9%         N/A       32%         3
 Spider Form              Tmut/Pois      9%         N/A       32%         3
 Vampiric Draining        Necr           9%         2d6       32%         3
 Petrify                  Tmut/Erth      9%         N/A       73%         4
 Irradiate                Conj/Tmut      4%         3d13      97%         5


Dungeon Overview and Level Annotations

Branches:
Dungeon (6/15) Zot: 628   Ossuary (visited)
 Temple: D:4-7

Altars:
Dithmenos
Gozag
Makhleb
Nemelex Xobeh
Okawaru
Vehumet
Xom
Zin

Shops:
D:3 **(([


Innate Abilities, Weirdness & Mutations

You passively map a small area around you.
You are easily found by Zot.
You glow in the dark.
You regain HP and MP as you explore.


Message History

Your quokka bites the iguana.
Your quokka closely misses the orc priest.
Your hound bites the orc wizard but does no damage.
The orc priest mumbles some strange prayers to Beogh against you.
Beogh smites you!
* * * LOW HITPOINT WARNING * * *
The orc wizard hits you with a +0 dagger.
* * * LOW HITPOINT WARNING * * *
The orc hits you with a +0 short sword.
* * * LOW HITPOINT WARNING * * *
The iguana bites you.
* * * LOW HITPOINT WARNING * * *
It was a potion of brilliance.
You feel clever all of a sudden.
Your hound bites the orc wizard.
Your quokka barely misses the iguana.
Your quokka bites the orc priest.
The orc priest looks encouraged for a moment.
The orc wizard hits you with a +0 dagger.
* * * LOW HITPOINT WARNING * * *
The orc completely misses you. The iguana barely misses you.
Your quokka barely misses the iguana.
Your hound bites the orc wizard.
It was a potion of flight.
You feel very buoyant.
You fly up into the air.
Your quokka bites the orc priest.
Your hound barely misses the orc wizard.
The iguana bites you but does no damage.
The orc priest closely misses you.
The orc wizard gestures wildly while chanting.
The orc wizard flickers and vanishes!
Deactivating autopickup; reactivate with Ctrl-A.
The orc misses you.
Your crimson imp hits the iguana.
Your quokka barely misses the iguana.
Your quokka barely misses the orc priest.
It was a potion of haste.
You feel yourself speed up.
Your hound barely misses something.
Your quokka bites the iguana but does no damage.
The iguana closely misses you.
The orc priest hits you with a +0 short sword.
You die...
Your body crumbles into a pile of gold.

, , , #..# ,
#..# * #..#
#..##
#...###### *
*
###.........
,
##..$olr.....
* * ,
#..h{@o5..#
#..#####r..#
, *..# * .# *
# * * * * , *


You could see an iguana (ally target), an orc priest (ally target), an orc, a
friendly hound (summoned), a friendly crimson imp (summoned) and 2 friendly
quokkas.

Vanquished Creatures
  Eustachio (D:4)
  A centaur zombie (Ossuary)
  A hound zombie (Ossuary)
  A mummy (Ossuary)
  2 adders
  2 adder zombies (Ossuary)
  A dart slug (D:4)
  An orc (D:4)
  A ball python (D:4)
  An endoplasm (D:4)
  A quokka (D:5)
  A goblin (D:3)
  A goblin zombie (Ossuary)
  3 hobgoblin zombies (Ossuary)
  2 jackal zombies (Ossuary)
  3 kobolds
  3 quokka zombies (Ossuary)
  2 rat zombies (Ossuary)
28 creatures vanquished.

Vanquished Creatures (collateral kills)
  2 ogres
  A phantom (D:4)
  2 necrophages
  An elf zombie (Ossuary)
  A scorpion (D:5)
  A howler monkey (D:4)
  A centaur zombie (Ossuary)
  A jelly (D:4)
  2 human zombies (Ossuary)
  An orc priest (D:3)
  An iguana (D:5)
  2 hound zombies (Ossuary)
  3 mummies
  5 adders
  A shadow imp (D:5)
  An adder zombie (Ossuary)
  2 dart slugs
  10 orcs
  2 bats (D:3)
  3 giant cockroaches (D:3)
  4 goblins
  6 hobgoblins
  A kobold (D:4)
  3 quokkas
  6 ball pythons
  A frilled lizard (D:3)
  2 gnoll zombies (Ossuary)
  A goblin zombie (Ossuary)
  2 kobold zombies (Ossuary)
  An orc zombie (Ossuary)
  3 quokka zombies (Ossuary)
  2 rats
  3 rat zombies (Ossuary)
78 creatures vanquished.

Vanquished Creatures (others)
  A hound (D:4)
  An adder (D:4)
  2 giant cockroaches (D:4)
  A hobgoblin (D:4)
5 creatures vanquished.

Grand Total: 111 creatures vanquished

Notes
Turn   | Place    | Note
-------+----------+-------------------------------------------
     0 | D:1      | hawla the Meteoran Summoner began the quest for the Orb.
     0 | D:1      | Reached XP level 1. HP: 14/14 MP: 5/5
    40 | D:1      | Reached skill level 5 in Summonings
    65 | D:1      | Reached XP level 2. HP: 12/20 MP: 6/6
   153 | D:3      | Learned a level 2 spell: Call Imp
   162 | D:3      | Found Kolaug's Antique Weapon Shop.
   205 | D:3      | Reached XP level 3. HP: 5/26 MP: 4/8
   225 | D:3      | Learned a level 3 spell: Call Canine Familiar
   440 | D:3      | Found Bikonosh's General Store.
   454 | D:3      | Noticed an ogre
   658 | D:3      | Found an iron altar of Okawaru.
   682 | D:3      | Reached XP level 4. HP: 10/33 MP: 5/9
   758 | D:3      | Found Haufaaz's Antique Weapon Shoppe.
   811 | D:3      | Killed an ogre
   812 | D:3      | Reached skill level 6 in Summonings
   812 | D:3      | Reached XP level 5. HP: 39/39 MP: 0/12
   896 | D:3      | Found Teab's Assorted Antiques.
   900 | D:3      | Bought a sedimented pink potion for 23 gold pieces
   935 | D:3      | Reached XP level 6. HP: 21/46 MP: 7/14
  1039 | D:3      | Found Eheron's Antique Armour Emporium.
  1208 | D:3      | Found a burning altar of Makhleb.
  1355 | D:4      | Found a shimmering altar of Xom.
  1445 | D:4      | Reached skill level 5 in Spellcasting
  1462 | D:4      | Reached skill level 1 in Fighting
  1462 | D:4      | Reached skill level 1 in Staves
  1462 | D:4      | Reached XP level 7. HP: 14/52 MP: 9/16
  1804 | D:4      | Found a radiant altar of Vehumet.
  1814 | D:4      | Noticed Eustachio
  1830 | D:4      | Reached skill level 7 in Summonings
  1836 | D:4      | Killed Eustachio
  2044 | D:4      | Found a shadowy altar of Dithmenos.
  2072 | D:5      | Entered Level 5 of the Dungeon
  2263 | D:5      | Reached XP level 8. HP: 25/60 MP: 13/18
  2446 | D:5      | Found a glowing silver altar of Zin.
  2713 | D:5      | Found a sand-covered staircase.
  2724 | Ossuary  | Entered an ossuary
  2893 | Ossuary  | Reached skill level 5 in Dodging
  3117 | D:5      | Found an opulent altar of Gozag.
  3118 | D:5      | Found a sparkling altar of Nemelex Xobeh.
  3135 | D:5      | Became a worshipper of Gozag Ym Sagoz the Greedy
  3194 | D:5      | Glimpsed the power of Zot.
  3243 | D:5      | Glimpsed the power of Zot.
  3262 | D:6      | HP: 2/62 [orc wizard/+0 dagger (4)]
  3264 | D:6      | Slain by an orc priest

Illustrated notes

Levels and vault maps discovered:
D:1:      ncdulo_wetmaze, layout_basic, st_stairs_11
D:2:      layout_basic, shapermc_ecumenical_altar_flowoftime,
          nicolae_hexahallways
D:3:      layout_loops_corners, mainiacjoe_overflow_concentric_impassable,
          lightli_temple_of_fire, serial_co_window_serial, co_window_corner_a,
          co_window_of_opportunity_a, co_window_paths_a, co_window_corner_a,
          co_window_corner_a, co_window_corner_a, co_window_corner_cb,
          co_window_corner_b, co_window_broadway_b, co_window_sun, serial_shops,
          shop_fountains, shop, nicolae_shop_crystal, shop_fountains, shop,
          minmay_guardbox
D:4:      layout_gridville, xom_confusion_cloud, grunt_dithmenos_smoke,
          nicolae_vehumet_radiance, uniq_eustachio
D:5:      layout_loops_ring, zin_scriptorium, marbit_many_paths,
          grunt_temple_overflow_opulence, gup_ossuary_entry_pyramid,
          dk_noncrumbling_4
D:6:      layout_layer_cave, mainiacjoe_overflow_alcove_2, dreamdust_gnoll_farm,
          uniq_crazy_yiuf_cottage, uniq_prince_ribbit1

Skill      XL: |  1  2  3  4  5  6  7  8 |
---------------+-------------------------+-----
Summonings     | 5 6 7 |  7.7
Spellcasting   | 3 4 5 6 |  6.7
Dodging        | 3 4 5 |  5.2
Fighting       | 1 2 |  2.9
Staves         | 1 2 4 |  4.4
Stealth        | |  1.4

Action                   |  1- 3 |  4- 6 |  7- 9 || total
-------------------------+-------+-------+-------++-------
Melee: Unarmed           |    48 |    15 |       ||    63
       Quarterstaff      |       |    14 |   168 ||   182
 Cast: Summon Small Mamm |    18 |    13 |    16 ||    47
       Call Imp          |     4 |     7 |    13 ||    24
       Call Canine Famil |     4 |     6 |    17 ||    27
  Use: Scroll            |     1 |     1 |     7 ||     9
       Potion            |       |     1 |     4 ||     5
 Stab: Distracted        |       |       |     1 ||     1
Armor: Robe              |    15 |    11 |    46 ||    72
Dodge: Dodged            |    43 |    19 |   162 ||   224
